 Dungeon Crawl Stone Soup version 0.28.0-53-g5a82cb258f (webtiles) character file.

Game seed: 9908284963888238857

76317 Infinimo the Shatterer (level 15, -7/141 HPs)
             Began as a Minotaur Fighter on May 26, 2022.
             Was the Champion of Okawaru.
             Mangled by an ogre
             ... wielding a +0 giant club
              (10 damage)
             ... while paralysed by an ogre mage
             ... on level 2 of the Orcish Mines.
             The game lasted 00:34:26 (29234 turns).

Infinimo the Shatterer (Minotaur Fighter)          Turns: 29234, Time: 00:34:26

Health: -7/141     AC: 26    Str: 28      XL:     15   Next: 12%
Magic:  14/14      EV:  2    Int:  4 (5)  God:    Okawaru [******]
Gold:   1180       SH:  0    Dex: 13      Spells: 14/14 levels left

rFire   + . .      SeeInvis .   s - +4 whip of the Living Dead {venom, +Blink rF+}
rCold   . . .      Faith    .   X - +2 buckler
rNeg    + . .      Spirit   .   Z - +0 plate armour {rN+}
rPois   .          Reflect  .   A - +2 hat
rElec   .          Harm     .   d - +0 cloak
rCorr   .          Rampage  +   r - +1 pair of gloves {Dex+3}
Will    +....                   v - +2 pair of boots {rampage}
Stlth   ..........              (no amulet)
HPRegen 0.33/turn               (no ring)
MPRegen 0.14/turn               (no ring)

@: paralysed, studying Bows
A: horns 2, retaliatory headbutt
a: Renounce Religion, Evoke Blink, Heroism, Finesse, Duel


You were on level 2 of the Orcish Mines.
You worshipped Okawaru.
Okawaru was exalted by your worship.
You visited 4 branches of the dungeon, and saw 20 of its levels.
You also visited: Bailey.

You collected 1533 gold pieces.
You spent 353 gold pieces at shops.

Inventory:

Hand Weapons
 s - the +4 whip of the Living Dead (weapon) {venom, +Blink rF+}
   (You took it off a kobold on level 4 of the Dungeon)

   It poisons the flesh of those it strikes.
   rF:        It protects you from fire.
   +Blink:    It lets you blink.
 Y - a +2 eveningstar of draining
Missiles
 G - 2 throwing nets (quivered)
Armour
 d - a +0 cloak (worn)
 r - a +1 pair of gloves of dexterity (worn)
 v - a +2 pair of boots of rampaging (worn)
 A - a +2 hat (worn)
 X - a +2 buckler (worn)
 Z - a +0 plate armour of positive energy (worn)
Jewellery
 b - a ring of poison resistance
 D - an amulet of guardian spirit
 E - a +6 ring of intelligence
 I - a ring of protection from cold
 L - an amulet of magic regeneration
 M - a ring of ice
 P - a ring of fire
 S - a ring of protection from fire
 T - a +6 ring of strength
Wands
 a - a wand of acid (4)
 h - a wand of flame (44)
 l - a wand of digging (20)
 t - a wand of mindburst (29)
 F - a wand of paralysis (26)
 N - a wand of polymorph (2)
 R - a wand of iceblast (10)
Scrolls
 p - 7 scrolls of noise
 q - a scroll of immolation
 u - 3 scrolls of fear
 y - 3 scrolls of enchant armour
 z - 2 scrolls of amnesia
 H - 6 scrolls of identify
 K - 7 scrolls of teleportation
 O - 3 scrolls of blinking
 U - a scroll of silence
 V - 2 scrolls of enchant weapon
Potions
 c - 3 potions of brilliance
 e - 2 potions of cancellation
 f - 9 potions of heal wounds
 g - a potion of lignification
 i - 5 potions of ambrosia
 j - 2 potions of resistance
 k - 2 potions of berserk rage
 m - 4 potions of attraction
 n - 8 potions of haste
 w - 4 potions of flight
 x - 3 potions of might
 B - a potion of invisibility
 C - 5 potions of curing
 J - 3 potions of mutation
 Q - a potion of magic
 W - 3 potions of degeneration


   Skills:
 + Level 15.0 Fighting
 * Level 22.8 Maces & Flails
 + Level 15.0 Armour
 + Level 15.1 Shields


You had 14 spell levels left.
You didn't know any spells.
Your spell library contained the following spells:

 Spells                   Type           Power      Damage    Failure   Level
 Magic Dart               Conj           0%         1d3       99%         1
 Sting                    Tmut/Pois      0%         1d3       99%         1
 Corpse Rot               Necr/Air       0%         N/A       99%         2
 Ensorcelled Hibernation  Hex/Ice        0%         N/A       99%         2
 Passwall                 Tmut/Erth      0%         N/A       99%         2
 Poisonous Vapours        Pois/Air       0%         N/A       99%         2
 Static Discharge         Conj/Air       0%         N/A       99%         2
 Conjure Flame            Conj/Fire      0%         6-21      100%        3
 Dazzling Flash           Conj/Hex       0%         N/A       100%        3
 Ignite Poison            Fire/Tmut/Pois 0%         N/A       100%        3
 Mephitic Cloud           Conj/Pois/Air  0%         N/A       100%        3
 Ozocubu's Armour         Ice            0%         N/A       100%        3
 Swiftness                Air            0%         N/A       100%        3
 Anguish                  Hex/Necr       0%         N/A       100%        4
 Dispel Undead            Necr           0%         3d6       100%        4
 Olgreb's Toxic Radiance  Pois           0%         N/A       100%        4
 Petrify                  Tmut/Erth      0%         N/A       100%        4
 Sticky Flame             Conj/Fire      0%         2d3       100%        4
 Agony                    Necr           0%         N/A       100%        5
 Iskenderun's Battlesphe  Conj           0%         2d6       100%        5
 Metabolic Englaciation   Hex/Ice        0%         N/A       100%        5
 Silence                  Hex/Air        0%         N/A       100%        5
 Iron Shot                Conj/Erth      0%         9d1       100%        6
 Statue Form              Tmut/Erth      0%         N/A       100%        6
 Enfeeble                 Hex            0%         N/A       100%        7
 Call Imp                 Summ           Unusable   N/A       N/A         2
 Tukima's Dance           Hex            Unusable   N/A       N/A         3
 Simulacrum               Ice/Necr       Unusable   N/A       N/A         6
 Spellforged Servitor     Conj/Summ      Unusable   N/A       N/A         7

Dungeon Overview and Level Annotations

Branches:
Dungeon (11/15)            Temple (1/1) D:6            Lair (6/6) D:9
 Shoals (0/4) Lair:2       Spider (0/4) Lair:3        Slime (0/5) Lair:6
    Orc (2/2) D:10         Bailey (visited)
    Elf: Orc:2

Altars:
Ashenzari
Cheibriados
Dithmenos
Elyvilon
Fedhas
Gozag
Hepliaklqana
Kikubaaqudgha
Makhleb
Nemelex Xobeh
Okawaru
Qazlal
Ru
Sif Muna
Trog
Uskayaw
Vehumet
Wu Jian
Xom
Yredelemnul
Zin
The Shining One
Beogh

Shops:
D:2 =   D:4 *   D:7 !

Annotations:
Lair:6 exclusion: 2 oklob plants


Innate Abilities, Weirdness & Mutations

You have a pair of horns on your head.
You reflexively headbutt those who attack you in melee.


Message History

The ogre mage hits you but does no damage.
The ogre hits you with a +0 giant club! The ogre hits you with a +0 giant club.
The ogre mage hits you with a +0 club!
The ogre hits you with a +0 giant spiked club.
An ogre comes into view. It is wielding a +0 giant club.
The ogre mage hits you but does no damage.
The ogre hits you with a +0 giant club. x2
The ogre mage hits you with a +0 club. The ogre hits you with a +0 giant club.
The ogre mage hits you but does no damage.
The ogre hits you with a +0 giant spiked club!
The two-headed ogre hits you but does no damage.
The two-headed ogre hits you with a +0 giant spiked club!!
The ogre mage barely misses you. The ogre hits you with a +0 giant club.
The ogre hits you with a +0 giant club!
* * * LOW HITPOINT WARNING * * *
The ogre mage gestures wildly while chanting.
The ogre mage flickers and vanishes!
Deactivating autopickup; reactivate with Ctrl-A.
The ogre hits you with a +0 giant spiked club.
* * * LOW HITPOINT WARNING * * *
The two-headed ogre hits you with a +0 dire flail!
* * * LOW HITPOINT WARNING * * *
The two-headed ogre hits you with a +0 giant spiked club.
* * * LOW HITPOINT WARNING * * *
The ogre mage hits you but does no damage.
The ogre hits you with a +0 giant club.
* * * LOW HITPOINT WARNING * * *
The ogre hits you with a +0 giant club.
* * * LOW HITPOINT WARNING * * *
Something hits you but does no damage.
The ogre mage hits you but does no damage.
The ogre hits you but does no damage.
The ogre hits you with a +0 giant spiked club.
* * * LOW HITPOINT WARNING * * *
The two-headed ogre hits you with a +0 dire flail.
* * * LOW HITPOINT WARNING * * *
The two-headed ogre hits you but does no damage.
Something hits you but does no damage. The ogre hits you with a +0 giant club!
You die...

##.#...# ##
.....# ##..
....##....
##<..#.....
#))).......
#<)).....Oh
##.).)#....
#...OO# ..
##.#@O##
##OOO{########
#[OO......O..
##....))......
#...#........#
##$.##........
#............
##.##....##.#
###....## #


You could see a two-headed ogre, an ogre mage (very poisoned) and 6 ogres.

Vanquished Creatures
  2 orc warlords
  A dire elephant (Lair:6)
  An ettin (Orc:1)
  Josephine (Lair:4)
  8 hydras
  Fannar (D:10)
  2 boulder beetles (Lair:3)
  An ogre mage (Orc:2)
  An anaconda (shapeshifter) (D:9)
  2 catoblepae
  A deep troll shaman (Lair:6)
  5 two-headed ogres
  26 death yaks
  An orc high priest (Orc:1)
  Sonja (Lair:3)
  Nergalle (Lair:4)
  A fire crab (shapeshifter) (D:9)
  The ghost of kalagan the Thaumaturge, a novice DECj of Sif Muna (Lair:1)
  3 orc knights (Orc:1)
  An orc sorcerer (Orc:1)
  2 cyclopes
  2 elephants (Lair:6)
  5 black mambas
  A torpor snail (Lair:5)
  2 kobold demonologists (D:11)
  11 cane toads
  2 rime drakes (Lair:6)
  An unseen horror (D:10)
  7 komodo dragons
  A tengu conjurer (D:9)
  A queen bee (Lair:1)
  5 polar bears
  7 trolls
  2 hornets
  18 blink frogs
  Grinder (D:3)
  48 yaks
  3 wyverns
  3 wraiths (Lair:4)
  A vampire mosquito (D:9)
  3 basilisks
  2 fire bats (Lair:4)
  3 wargs
  2 acid dragons (D:11)
  12 water moccasins
  An ice beast (D:7)
  2 black bears
  29 orc warriors
  5 necrophages (Lair:3)
  A sky beast (D:8)
  11 wolves
  4 centaurs
  21 ogres
  3 phantoms
  The ghost of ciphuk the Stinger, an amateur GnVM (D:5)
  3 kobold brigands
  7 scorpions
  8 bullfrogs
  A water moccasin skeleton (D:4)
  11 killer bees
  8 wights (D:8)
  4 howler monkeys
  2 electric eels (Lair:3)
  A lava snake (D:8)
  2 centaur zombies
  A bullfrog zombie (D:5)
  2 bullfrog skeletons
  A gnoll shaman (D:4)
  5 jellies
  12 orc priests
  A hound (D:5)
  A centaur skeleton (D:4)
  Ijyb (D:4)
  5 iguanas
  11 orc wizards
  Natasha (thrice) (D:3)
  Terence (D:2)
  2 killer bee zombies
  A howler monkey zombie (D:8)
  Robin (D:2)
  11 gnolls
  5 adders
  A white imp (D:7)
  An ufetubus (D:5)
  2 worms
  2 dart slugs
  32 orcs
  8 ball pythons
  7 endoplasms
  9 giant cockroaches
  24 goblins
  8 hobgoblins
  3 jackals (D:3)
  5 quokkas
  5 bats
  6 frilled lizards
  21 kobolds
  6 rats
  A bush (D:4)
536 creatures vanquished.

Vanquished Creatures (others)
  38 fungi
  55 plants
93 creatures vanquished.

Grand Total: 629 creatures vanquished

Notes
Turn   | Place    | Note
-------+----------+-------------------------------------------
     0 | D:1      | Infinimo the Minotaur Fighter began the quest for the Orb.
     0 | D:1      | Reached XP level 1. HP: 19/19 MP: 0/0
   164 | D:1      | Reached XP level 2. HP: 27/27 MP: 1/1
   656 | D:1      | Reached skill level 3 in Maces & Flails
  1032 | D:1      | Reached XP level 3. HP: 29/33 MP: 2/2
  1288 | D:2      | Found Mapal's Jewellery Boutique.
  1322 | D:2      | Noticed Terence
  1330 | D:2      | Noticed Robin
  1338 | D:2      | Killed Terence
  1339 | D:2      | Reached XP level 4. HP: 25/40 MP: 3/3
  1681 | D:2      | Reached skill level 4 in Maces & Flails
  1705 | D:2      | Killed Robin
  2273 | D:3      | Noticed Natasha
  2281 | D:3      | Killed Natasha
  2282 | D:3      | Reached XP level 5. HP: 31/47 MP: 4/4
  2307 | D:3      | Noticed Natasha
  2319 | D:3      | Killed Natasha
  2426 | D:3      | Noticed Natasha
  2443 | D:3      | Killed Natasha
  2938 | D:3      | Reached skill level 5 in Maces & Flails
  3054 | D:3      | Noticed Grinder
  3066 | D:3      | Killed Grinder
  3067 | D:3      | Reached skill level 5 in Fighting
  3067 | D:3      | Reached skill level 5 in Armour
  3067 | D:3      | Reached skill level 5 in Shields
  3067 | D:3      | Reached XP level 6. HP: 21/56 MP: 5/5
  3667 | D:4      | Found Jyshoijimp's Assorted Antiques.
  3671 | D:4      | Noticed Ijyb
  3680 | D:4      | Killed Ijyb
  3685 | D:4      | Identified the +7 chain mail of the True Pharaoh {rElec rF-
                  | Str+8}
  3691 | D:4      | Bought a scroll labelled UKUKYZ GYDESU for 29 gold pieces
  3775 | D:4      | Reached skill level 6 in Maces & Flails
  3902 | D:4      | Reached XP level 7. HP: 59/61 MP: 6/6
  4411 | D:4      | Reached skill level 7 in Maces & Flails
  4522 | D:4      | Found a shimmering blue altar of Sif Muna.
  4619 | D:4      | Identified the +4 whip of the Living Dead {venom, +Blink
                  | rF+}
  4659 | D:4      | Reached XP level 8. HP: 62/70 MP: 7/7
  4698 | D:4      | Found a hazy altar of Hepliaklqana.
  5105 | D:5      | Entered Level 5 of the Dungeon
  5284 | D:5      | Found a broken altar of Ashenzari.
  5289 | D:5      | Reached skill level 8 in Maces & Flails
  5623 | D:5      | Identified the +4 spear of Prudence {vorpal, MP+9}
  5714 | D:5      | Found a runed translucent gate.
  5714 | D:5      | Noticed ciphuk's ghost (amateur GnVM)
  5715 | D:5      | Found a runed translucent gate.
  5716 | D:5      | Found a runed translucent gate.
  6149 | D:5      | Killed ciphuk's ghost
  6578 | D:6      | Reached skill level 9 in Maces & Flails
  6697 | D:6      | Reached XP level 9. HP: 79/79 MP: 8/8
  6820 | D:6      | Found a staircase to the Ecumenical Temple.
  6852 | Temple   | Entered the Ecumenical Temple
  7109 | Temple   | Became a worshipper of Warmaster Okawaru
  7624 | D:7      | Found a flagged portal.
  7837 | Bailey   | Entered a bailey
  7842 | Bailey   | Noticed an orc warlord
  7918 | Bailey   | Reached skill level 10 in Maces & Flails
  7922 | Bailey   | Found a runed translucent gate.
  7922 | Bailey   | Found a runed translucent gate.
  7922 | Bailey   | Found a runed translucent gate.
  8251 | Bailey   | Identified a scroll of acquirement
  8251 | Bailey   | Acquired a +1 pair of gloves of dexterity
  8515 | Bailey   | Killed an orc warlord
  8515 | Bailey   | Reached * piety under Okawaru
  8516 | Bailey   | Reached skill level 11 in Maces & Flails
  8775 | Bailey   | Reached skill level 10 in Fighting
  8775 | Bailey   | Reached skill level 13 in Maces & Flails
  8775 | Bailey   | Reached skill level 10 in Armour
  8775 | Bailey   | Reached skill level 10 in Shields
  8775 | Bailey   | Reached XP level 10. HP: 93/93 MP: 9/9
  8881 | D:7      | Found Duullaox's Distillery.
  8919 | D:7      | Reached ** piety under Okawaru
  9298 | D:7      | Bought a potion of haste for 120 gold pieces
  9298 | D:7      | Bought a potion of haste for 120 gold pieces
  9298 | D:7      | Bought a potion of curing for 36 gold pieces
  9298 | D:7      | Bought a potion of might for 48 gold pieces
  9419 | D:8      | Reached XP level 11. HP: 99/99 MP: 10/10
 10643 | D:9      | Found a staircase to the Lair.
 10912 | D:9      | Noticed an anaconda
 10926 | D:9      | Killed an anaconda
 10926 | D:9      | Reached *** piety under Okawaru
 11006 | D:9      | Noticed a fire crab
 11021 | D:9      | Reached skill level 14 in Maces & Flails
 11022 | D:9      | Killed a fire crab
 11036 | D:9      | Noticed an eight-headed hydra
 11241 | D:9      | Killed an eight-headed hydra
 11713 | D:9      | Identified the +0 pair of gloves "Ykuwucwo" {Will++ Str-2
                  | Int+4 Stlth+}
 11788 | D:10     | Entered Level 10 of the Dungeon
 11894 | D:10     | Noticed Fannar
 11904 | D:10     | Killed Fannar
 11904 | D:10     | Reached **** piety under Okawaru
 12469 | D:10     | Found a staircase to the Orcish Mines.
 12499 | D:10     | Reached ***** piety under Okawaru
 12771 | D:10     | Reached skill level 15 in Maces & Flails
 12792 | D:10     | Reached XP level 12. HP: 74/110 MP: 11/11
 14165 | Lair:1   | Entered Level 1 of the Lair of Beasts
 14216 | Lair:1   | Noticed a catoblepas
 14229 | Lair:1   | Killed a catoblepas
 14229 | Lair:1   | Received a gift from Okawaru
 14509 | Lair:1   | Noticed kalagan's ghost (novice DECj)
 14900 | Lair:1   | Found a transporter.
 14905 | Lair:1   | Found a transporter.
 15118 | Lair:1   | Killed kalagan's ghost
 15119 | Lair:1   | Reached skill level 16 in Maces & Flails
 15458 | Lair:1   | Acquired a manual of Maces & Flails
 15915 | Lair:2   | Noticed a death yak
 15917 | Lair:2   | Noticed a death yak
 15948 | Lair:2   | Killed a death yak
 15953 | Lair:2   | Noticed a death yak
 15956 | Lair:2   | Noticed a death yak
 15959 | Lair:2   | Noticed a death yak
 15961 | Lair:2   | Killed a death yak
 15980 | Lair:2   | Killed a death yak
 15980 | Lair:2   | Identified the +13 pearl dragon scales "Xikaukkuwn" {rElec
                  | rF++ rN+ Regen+ Slay-4} (Okawaru gifted it to you on level
                  | 2 of the Lair of Beasts)
 15980 | Lair:2   | Received a gift from Okawaru
 15991 | Lair:2   | Killed a death yak
 16003 | Lair:2   | Killed a death yak
 16004 | Lair:2   | Reached skill level 17 in Maces & Flails
 16376 | Lair:2   | Reached XP level 13. HP: 103/119 MP: 12/12
 16529 | Lair:2   | Found a staircase to the Shoals.
 17076 | Lair:3   | Reached skill level 18 in Maces & Flails
 17205 | Lair:3   | Found a hole to the Spider Nest.
 17853 | Lair:3   | Noticed Sonja
 18449 | Lair:3   | Killed Sonja
 18449 | Lair:3   | Identified the -5 pair of boots of the Wasteland {rC+ Int-5
                  | Dex+4} (Okawaru gifted it to you on level 3 of the Lair of
                  | Beasts)
 18449 | Lair:3   | Received a gift from Okawaru
 18711 | Lair:3   | Reached skill level 19 in Maces & Flails
 19278 | Lair:4   | Noticed Nergalle
 19299 | Lair:4   | Killed Nergalle
 19351 | Lair:4   | You fall into a shaft and drop 1 floor!
 19524 | Lair:4   | Noticed Josephine
 19536 | Lair:4   | Killed Josephine
 19761 | Lair:4   | Found a shimmering altar of Xom.
 20095 | Lair:4   | Reached skill level 20 in Maces & Flails
 20945 | Lair:5   | Found a runed translucent door.
 21713 | Lair:5   | Reached XP level 14. HP: 90/130 MP: 13/13
 21856 | Lair:6   | Entered Level 6 of the Lair of Beasts
 21859 | Lair:6   | Found a staircase to the Slime Pits.
 21995 | Lair:6   | Received a gift from Okawaru
 22882 | Lair:5   | Reached skill level 21 in Maces & Flails
 23784 | Lair:6   | Received a gift from Okawaru
 24357 | Lair:6   | Reached skill level 22 in Maces & Flails
 26036 | Orc:1    | Entered Level 1 of the Orcish Mines
 26414 | Orc:2    | Entered Level 2 of the Orcish Mines
 26882 | Orc:1    | Noticed an orc warlord
 27210 | D:10     | Killed an orc warlord
 28532 | Orc:1    | Reached XP level 15. HP: 100/139 MP: 14/14
 28787 | Orc:1    | Reached skill level 15 in Fighting
 28787 | Orc:1    | Reached skill level 15 in Shields
 29048 | Orc:2    | Reached ****** piety under Okawaru
 29218 | Orc:2    | Reached skill level 15 in Armour
 29227 | Orc:2    | Paralysed by an ogre mage for 7 turns
 29233 | Orc:2    | HP: 3/141 [two-headed ogre/+0 dire flail (6)]
 29234 | Orc:2    | Mangled by an ogre

Illustrated notes

Levels and vault maps discovered:
D:1:      dpeg_arrival_shelter, layout_basic, minmay_pentomino_u4
D:2:      layout_loops_cross, serial_shops,
          nicolae_shop_competitors_out_of_business, uniq_terence, uniq_robin
D:3:      layout_basic, nicolae_figureground_sparkle, uniq_grinder, uniq_natasha
D:4:      layout_basic, mainiacjoe_overflow_catch_the_wave, serial_shops,
          nicolae_shop_overgrown_old_shop, minmay_mini_jars, uniq_ijyb
D:5:      layout_loops_ring, old_standard_altar, biasface_ghost_orc_armoury
D:6:      layout_loops_ring, minmay_temple_entry_overgrown
D:7:      layout_loops_ring, enter_bailey_2, serial_shops,
          nicolae_inconvenience_store, dk_rats_in_the_wall
D:8:      layout_layer_cave, kennysheep_path_1
D:9:      minmay_shrinking_squares, layout_basic, dpeg_oklobed_lair
D:10:     layout_rooms, david_orc_1_choice, uniq_fannar
D:11:     layout_long_grid, st_stairs_14
Temple:   mainiacjoe_temple_bowtie_tessellation
Lair:1:   layout_loops_ring, gammafunk_ghost_hive, serial_bayou_shore_b
Lair:2:   layout_gridlike, shoals_dummy_entry, serial_bayou_pond_d,
          grunt_megastairs_1, lemuel_fruit_fields, lemuel_fruit_tree
Lair:3:   layout_regular_city, nicolae_spider_entry_non_spiders, minivault_26,
          serial_bayou_pond_e, roderic_carrion_pond, grunt_megastairs_4,
          serial_bayou_shore_a, infiniplex_staircase_pool_2, uniq_sonja
Lair:4:   layout_gridlike, basic_altar, grunt_megastairs_3,
          infiniplex_staircase_pool, uniq_nergalle, uniq_josephine
Lair:5:   layout_regular_city, pf_torpor_hydra
Lair:6:   grunt_lair_end_beastmaster, layout_cave_pods,
          minmay_slime_entry_oklob_open
Orc:1:    orc_temple, layout_diamond_mine
Orc:2:    st_orc_ogre_mass, layout_caves, serial_shops, shop

Skill      XL: |  1  2  3  4  5  6  7  8  9 10 11 12 13 14 15 |
---------------+----------------------------------------------+-----
Maces & Flails | 3 4 5 6 7 9 13 15 17 20 22 | 22.8
Armour         | 4 5 6 7 10 11 12 13 14 15 | 15.0
Fighting       | 4 5 6 7 10 11 12 13 14 15 | 15.0
Shields        | 4 5 6 7 10 11 12 13 14 15 | 15.1

Action                   |  1- 3 |  4- 6 |  7- 9 | 10-12 | 13-15 || total
-------------------------+-------+-------+-------+-------+-------++-------
Melee: Flail             |    65 |   128 |    67 |       |       ||   260
       Headbutt          |     8 |    21 |    57 |   174 |   390 ||   650
       Whip              |       |       |   242 |   660 |  1390 ||  2292
Evoke: Wand              |       |       |     9 |     2 |     5 ||    16
  Use: Scroll            |       |     5 |    12 |     1 |    11 ||    29
       Potion            |       |     1 |     4 |       |     1 ||     6
Armor: Scale mail        |    31 |    52 |    76 |     2 |       ||   161
       Plate armour      |       |       |       |   244 |   509 ||   753
Dodge: Dodged            |    32 |    40 |    57 |   131 |   242 ||   502
Block: Buckler           |     9 |    30 |    50 |   143 |   394 ||   626
